 Dungeon Crawl Stone Soup version 0.28.0 (webtiles) character file.

Game seed: 4031047492534260151

306 bande the Covered (level 6, -14/38 HPs)
             Began as a Gargoyle Fighter on Feb 14, 2022.
             Demolished by an ogre (28 damage)
             ... on level 4 of the Dungeon.
             The game lasted 00:05:33 (3400 turns).

bande the Covered (Gargoyle Fighter)                Turns: 3400, Time: 00:05:33

Health: -14/38     AC: 14    Str: 20    XL:     6   Next: 39%
Magic:  6/6        EV:  7    Int:  8    God:
Gold:   196        SH:  4    Dex: 11    Spells: 5/5 levels left

rFire   . . .      SeeInvis .   a - +0 war axe
rCold   . . .      Faith    .   c - +0 buckler
rNeg    + . .      Spirit   .   h - +0 chain mail
rPois   ∞          Reflect  .   (no helmet)
rElec   +          Harm     .   (no cloak)
rCorr   .          Rampage  .   (no gloves)
Will    .....                   (no boots)
Stlth   ..........              (no amulet)
HPRegen 0.12/turn               (no ring)
MPRegen 0.10/turn               (no ring)

@: no status effects
A: sickness immunity, AC +4, negative energy resistance 1, electricity
resistance, torment resistance 1, petrification resistance
a: no special abilities


You were on level 4 of the Dungeon.
You visited 1 branch of the dungeon, and saw 4 of its levels.

You collected 196 gold pieces.

Inventory:

Hand Weapons
 a - a +0 war axe (weapon)
Armour
 c - a +0 buckler (worn)
 h - a +0 chain mail (worn)
Potions
 b - a potion of resistance {unknown}
 d - 3 potions of might
 g - a potion of ambrosia {unknown}
 i - 3 potions of cancellation
 j - 2 potions of heal wounds {unknown}


   Skills:
 + Level 4.3 Fighting
 + Level 4.3 Axes
 + Level 4.6 Armour
 + Level 4.0 Shields


You had 5 spell levels left.
You didn't know any spells.
Your spell library contained the following spells:

 Spells                   Type           Power      Damage    Failure   Level
 Conjure Flame            Conj/Fire      0%         6-21      100%        3
 Ignite Poison            Fire/Tmut/Pois 0%         N/A       100%        3
 Ozocubu's Armour         Ice            0%         N/A       100%        3
 Sticky Flame             Conj/Fire      0%         2d3       100%        4
 Ozocubu's Refrigeration  Ice            0%         4d5       100%        7


Dungeon Overview and Level Annotations

Branches:
Dungeon (4/15)
 Temple: D:4-7

Altars:
Kikubaaqudgha
Beogh

Shops:
D:3 =


Innate Abilities, Weirdness & Mutations

You are immune to sickness and miasma.
Your stone body is resilient. (AC +4)
You are immune to poison.
You resist negative energy. (rN+)
You are resistant to electric shocks. (rElec)
You are resistant to unholy torment.
You are immune to petrification.


Message History

No target in view!
No target in view!
No target in view!
An ogre comes into view. It is wielding a +0 giant spiked club.
The ogre shouts!
An ogre is nearby!
An ogre is nearby!
The ogre hits you with a +0 giant spiked club.
You hit the ogre.
The ogre is moderately wounded.
You block the ogre's attack.
You barely miss the ogre.
The ogre is moderately wounded.
The ogre barely misses you.
You slash the ogre!
The ogre is heavily wounded.
You block the ogre's attack.
You slash the ogre!
The ogre is severely wounded.
The ogre barely misses you.
An endoplasm comes into view.
The endoplasm quivers.
You hit the ogre.
The ogre is almost dead.
The ogre hits you with a +0 giant spiked club!!
Ouch! That really hurt!
You are too injured to fight recklessly!
You are too injured to fight recklessly!
You are too injured to fight recklessly!
You are too injured to fight recklessly!
You are too injured to fight recklessly!
You are too injured to fight recklessly!
You hit the ogre.
The ogre is almost dead.
The ogre barely misses you.
You hit the ogre.
The ogre is almost dead.
The ogre hits you with a +0 giant spiked club!!
Ouch! That really hurt!
You die...

##..........#....##.........
..8......#..................
.........##..##.....†.......
......# ##.###.#......8.8.
.. .....##......... ##
#....#.......8.
#..##..#..........
#......#.........#
#J....@.##########
......O.## .......## ..##...
. #... ####


You could see an ogre and an endoplasm.

Vanquished Creatures
  A centaur skeleton (D:4)
  An orc priest (D:3)
  An iguana (D:4)
  2 orc wizards (D:3)
  A hound skeleton (D:4)
  A gnoll (D:1)
  8 adders
  3 worms
  2 dart slugs
  6 orcs (D:3)
  5 ball pythons
  7 endoplasms
  A giant cockroach (D:2)
  7 goblins
  4 hobgoblins
  4 jackals (D:2)
  3 quokkas
  3 frilled lizards
  5 kobolds
  2 rats
67 creatures vanquished.

Vanquished Creatures (others)
  A plant (D:1)
1 creature vanquished.

Grand Total: 68 creatures vanquished

Notes
Turn   | Place    | Note
-------+----------+-------------------------------------------
     0 | D:1      | bande the Gargoyle Fighter began the quest for the Orb.
     0 | D:1      | Reached XP level 1. HP: 14/14 MP: 1/1
   197 | D:1      | Reached XP level 2. HP: 17/19 MP: 2/2
   890 | D:1      | Reached XP level 3. HP: 19/24 MP: 3/3
  1404 | D:2      | Reached XP level 4. HP: 28/29 MP: 4/4
  2136 | D:3      | Found Raxkes's Jewellery Emporium.
  2237 | D:3      | Reached XP level 5. HP: 16/33 MP: 5/5
  2243 | D:3      | HP: 1/33 [orc priest/divine providence (10)]
  2251 | D:3      | HP: 1/33 [orc priest (7)]
  3050 | D:4      | Reached XP level 6. HP: 37/38 MP: 6/6
  3059 | D:4      | Found an ancient bone altar of Kikubaaqudgha.
  3400 | D:4      | Demolished by an ogre

Illustrated notes

Levels and vault maps discovered:
D:1:      minmay_arrival_four_loops, layout_rooms, nicolae_grassy_gnolls
D:2:      layout_basic
D:3:      layout_loops_corners, serial_shops, shop, minivault_4,
          kennysheep_orc_chapel
D:4:      layout_cave_pools, kiku_gazebo_pond_becter, serial_column_ruins,
          column_ruins_square_medium, column_ruins_corridor_straight,
          column_ruins_grid_4, column_ruins_open_medium_water,
          column_ruins_corridor_water, column_ruins_open_tiny,
          column_ruins_grid_3, item_on_display_a

Skill      XL: |  1  2  3  4  5  6 |
---------------+-------------------+-----
Axes           | 2 3 4 |  4.3
Armour         | 4 |  4.6
Shields        | 4 |  4.0
Fighting       | 4 |  4.3

Action                   |  1- 3 |  4- 6 || total
-------------------------+-------+-------++-------
Melee: War axe           |    87 |   134 ||   221
  Use: Scroll            |     4 |     3 ||     7
       Potion            |       |     2 ||     2
Armor: Scale mail        |    20 |       ||    20
       Chain mail        |    23 |    81 ||   104
Dodge: Dodged            |    37 |    48 ||    85
Block: Buckler           |    25 |    27 ||    52
